 Dungeon Crawl Stone Soup version 0.31.0-11-ge490571c62 (webtiles) character file.

Game seed: 15847882229681309963

192 Arcadio the Trooper (level 5, -6/47 HPs)
             Began as a Draconian Delver on Jan 30, 2024.
             Killed from afar by an orc wizard (10 damage)
             ... with a puff of flame
             ... on level 4 of the Dungeon.
             The game lasted 00:02:13 (2111 turns).

Arcadio the Trooper (Draconian Delver)              Turns: 2111, Time: 00:02:13

Health: -6/47      AC:  6    Str: 17    XL:     5   Next: 42%
Magic:  5/5        EV: 12    Int: 10    God:
Gold:   128        SH:  0    Dex: 12    Spells: 4/4 levels left

rFire   . . .        a - +0 mace
rCold   . . .        (no shield)
rNeg    . . .        (body armour unavailable)
rPois   .            (helmet restricted)
rElec   .            (no cloak)
rCorr   .            l - +0 pair of gloves
SInv    .            (no boots)
Will    .....        (no amulet)
Stlth   +            (no ring)
HPRegen 0.27/turn    (no ring)
MPRegen 0.09/turn

%: no passive effects
@: confused, hasted, very quick
A: AC +5, unfitting armour, cold-blooded
a: no special abilities


You were on level 4 of the Dungeon.
You visited 1 branch of the dungeon, and saw 4 of its levels.

You collected 128 gold pieces.

Inventory:

Hand Weapons
 a - a +0 mace (weapon)
Armour
 l - a +0 pair of gloves (worn)
Wands
 f - a wand of digging (3)
Scrolls
 b - a scroll of fog
 c - a scroll of revelation
 d - a scroll of fear
 h - a scroll of blinking {unknown}
 i - 4 scrolls of identify {unknown}
 m - a scroll of acquirement {unknown}
 o - a scroll of butterflies {unknown}
 p - a scroll of noise {unknown}
 r - a scroll of teleportation {unknown}
 s - a scroll of torment {unknown}
Potions
 e - 2 potions of haste
 g - 6 potions of curing {unknown}
 j - a potion of berserk rage {unknown}
 k - a potion of heal wounds {unknown}
 n - a potion of lignification {unknown}
 q - a potion of mutation {unknown}


   Skills:
 + Level 4.7 Fighting
 + Level 3.6 Maces & Flails
 + Level 3.2 Dodging
 - Level 4.5 Stealth


You had 4 spell levels left.
You didn't know any spells.
Your spell library contained the following spells:

 Spells                   Type           Power      Damage    Failure   Level
 Kiss of Death            Conj/Necr      0%         2d5       36%         1
 Magic Dart               Conj           0%         1d3       36%         1
 Searing Ray              Conj           0%         2d4       50%         2
 Confusing Touch          Hex            0%         N/A       75%         3
 Dispel Undead            Necr           0%         3d6       98%         4
 Fulminant Prism          Conj/Alch      0%         3d5       98%         4
 Vhi's Electric Charge    Tloc/Air       0%         N/A       98%         4
 Arcjolt                  Conj/Air       0%         1d10      100%        5
 Silence                  Hex/Air        0%         N/A       100%        5
 Sculpt Simulacrum        Ice/Alch       0%         N/A       100%        6


Dungeon Overview and Level Annotations

Branches:
Dungeon (5/15)
 Temple: D:4-7

Altars:


Innate Abilities, Weirdness & Mutations

Your plain brown scales are hard. (AC +5)
You cannot fit into any form of body armour.
You are cold-blooded and may be slowed by cold attacks.


Message History

The orc priest is severely wounded.
The orc priest closely misses you.
You hit the orc priest.
The orc priest is almost dead.
The orc priest calls down the wrath of Beogh upon you.
You barely resist.
You hit the orc priest but do no damage.
You tail-slap the orc priest.
You kill the orc priest!
Something hits you but does no damage.
You completely miss something.
Your tail-slap misses something.
Something hits you but does no damage.
You thump something!
Your tail-slap misses something.
Something hits you.
You closely miss something.
You hear some strange, mumbled words.
A puff of flame appears from out of thin air!
The puff of flame hits you!
You hit something. You tail-slap something.
Something hits you but does no damage. Something hits you.
You miss something. Something hits you but does no damage.
You miss something. You tail-slap something.
You hear some strange, mumbled words.
You are confused.
You bump into the rock wall.
Something hits you.
You hit something.
You hear some strange, mumbled words.
A puff of flame appears from out of thin air!
The puff of flame hits you!
* * * LOW HITPOINT WARNING * * *
You bump into the rock wall.
Something hits you.
* * * LOW HITPOINT WARNING * * *
You feel yourself speed up. Something hits you.
* * * LOW HITPOINT WARNING * * *
You bump into the rock wall.
Something hits you.
* * * LOW HITPOINT WARNING * * *
You bump into the rock wall.
You hear some strange, mumbled words.
A puff of flame appears from out of thin air!
The puff of flame hits you!
You die...

.# #.#.#.# #
....#.#.#.# #
#.#.......
..#.#.#.#.#.#.#
...............
.##............
#####o#######
#{# #@# #)# #.#
### #.# #<# #.#
#.# #.# #.# #.#
#.# #.# #.# #.#
#.#


You could see an orc.

Vanquished Creatures
  An ice beast (D:3)
  An orc priest (D:4)
  6 adders
  2 orcs (D:4)
  A giant cockroach (D:2)
  4 kobolds
  7 ball pythons
  2 bats (D:3)
  A frilled lizard (D:2)
  A rat (D:2)
26 creatures vanquished.

Notes
Turn   | Place    | Note
-------+----------+-------------------------------------------
     0 | D:5      | Arcadio the Draconian Delver began the quest for the Orb.
     0 | D:5      | Reached XP level 1. HP: 19/19 MP: 1/1
    14 | D:5      | Noticed an orc priest
    19 | D:5      | Noticed a scorpion
    28 | D:4      | Reached XP level 2. HP: 22/26 MP: 2/2
   246 | D:4      | Noticed a bombardier beetle
   463 | D:3      | Noticed an ice beast
   466 | D:2      | Found a faded altar of an unknown god.
   580 | D:2      | Reached XP level 3. HP: 31/33 MP: 3/3
  1175 | D:3      | Killed an ice beast
  1176 | D:3      | Reached XP level 4. HP: 7/41 MP: 4/4
  1176 | D:3      | Reached XP level 5. HP: 8/47 MP: 5/5
  1649 | D:3      | Got the Incunabulum of Transmuted Inhalation
  2111 | D:4      | Killed from afar by an orc wizard

Illustrated notes

Levels and vault maps discovered:
D:2:      layout_basic, chequers_ecumenical_altar_simple_redux
D:3:      layout_basic
D:4:      layout_basic
D:5:      minmay_general_purpose_star, layout_rooms, serial_shops, shop,
          uniq_ijyb

Skill      XL: |  1  2  3 |
---------------+----------+-----
Dodging        | 2 3 |  3.2
Fighting       | 4 |  4.7
Maces & Flails | 3 |  3.6
Stealth        | |  4.5

Action                     |  1- 3 |  4- 6 || total
---------------------------+-------+-------++-------
  Melee: Mace              |    79 |    40 ||   119
         Tailslap          |    12 |     6 ||    18
         Punch             |     2 |       ||     2
    Use: Potion            |       |     1 ||     1
   Stab: Sleeping          |     7 |     1 ||     8
 Armour: Skin              |    58 |    39 ||    97
  Dodge: Dodged            |    41 |    27 ||    68
